 Dungeon Crawl Stone Soup version 0.29-a0-542-g075992c915 (webtiles) character file.

Game seed: 3805294218670509601

53 MechDurjaeses the Ruffian (level 3, 0/28 HPs)
             Began as a Draconian Transmuter on June 3, 2022.
             Slain by Sigmund
             ... wielding a +0 scythe
              (7 damage)
             ... on level 2 of the Dungeon.
             The game lasted 00:06:29 (1694 turns).

MechDurjaeses the Ruffian (Draconian Transmuter)    Turns: 1694, Time: 00:06:29

Health: 0/28       AC:  6    Str: 13 (14) XL:     3   Next: 64%
Magic:  6/6        EV: 12    Int: 10 (13) God:
Gold:   151        SH:  0    Dex:  8 (11) Spells: 3/6 levels left

rFire   . . .      SeeInvis .     - Unarmed
rCold   . . .      Faith    .   (no shield)
rNeg    . . .      Spirit   .   (body armour unavailable)
rPois   .          Reflect  .   (helmet restricted)
rElec   .          Harm     .   p - +0 cloak
rCorr   .          Rampage  .   (no gloves)
Will    .....                   (no boots)
Stlth   +.........              b - amulet of magic regeneration
HPRegen 0.09/turn               (no ring)
MPRegen 0.50/turn               (no ring)

@: no status effects
A: AC +5, unfitting armour, cold-blooded
a: no special abilities


You were on level 2 of the Dungeon.
You visited 1 branch of the dungeon, and saw 2 of its levels.

You collected 151 gold pieces.

Inventory:

Armour
 p - a +0 cloak (worn)
Jewellery
 b - an amulet of magic regeneration (around neck)
Scrolls
 d - a scroll of identify {unknown}
 e - a scroll of enchant weapon
 i - a scroll of fear {unknown}
 k - a scroll of enchant armour {unknown}
 l - a scroll of immolation {unknown}
 o - a scroll of teleportation {unknown}
 q - a scroll of noise {unknown}
Potions
 a - a potion of lignification
 c - a potion of flight {unknown}
 g - a potion of mutation {unknown}
 j - a potion of attraction {unknown}
 m - a potion of cancellation {unknown}
 n - a potion of resistance {unknown}


   Skills:
 + Level 1.3 Fighting
 + Level 2.0 Dodging
 * Level 4.1 Unarmed Combat
 + Level 2.2 Spellcasting
 * Level 2.3 Transmutations


You had 3 spell levels left.
You knew the following spells:

 Your Spells              Type           Power      Damage    Failure   Level
a - Beastly Appendage     Tmut           10%        N/A       12%         1
b - Wereblood             Tmut           5%         N/A       19%         2

Your spell library contained the following spells:

 Spells                   Type           Power      Damage    Failure   Level
 Spider Form              Tmut/Pois      3%         N/A       50%         3
 Ice Form                 Ice/Tmut       3%         N/A       88%         4


Dungeon Overview and Level Annotations

Branches:
Dungeon (2/15)

Altars:

Annotations:
D:2 Sigmund


Innate Abilities, Weirdness & Mutations

Your plain brown scales are hard. (AC +5)
You cannot fit into any form of body armour.
You are cold-blooded and may be slowed by cold attacks.


Message History

The hobgoblin shouts!
Sigmund gestures at you while chanting.
You are confused.
You bump into the rock wall.
You bump into the rock wall.
You are too confused!
You closely miss the hobgoblin. The hobgoblin hits you.
You completely miss the hobgoblin. The hobgoblin hits you.
You bump into the rock wall.
You feel less confused.
Sigmund mumbles some strange words.
Sigmund flickers and vanishes!
Deactivating autopickup; reactivate with Ctrl-A.
The hobgoblin barely misses you.
You barely miss the hobgoblin. The hobgoblin closely misses you.
You hit the hobgoblin but do no damage. Something hits you!
The hobgoblin misses you.
You barely miss the hobgoblin. The hobgoblin completely misses you.
You barely miss the hobgoblin.
You punch the hobgoblin, but do no damage.
Something hits you. The hobgoblin hits you.
It was a potion of degeneration.
There was something very wrong with that liquid.
You feel weakened.
You feel dopey.
You feel clumsy. Something hits you.
* * * LOW HITPOINT WARNING * * *
The hobgoblin hits you but does no damage.
It was a potion of curing.
You feel better.
The hobgoblin hits you but does no damage.
You hit the hobgoblin.
The hobgoblin is severely wounded.
Something hits you!
* * * LOW HITPOINT WARNING * * *
The hobgoblin closely misses you.
You hit the hobgoblin.
You kill the hobgoblin!
Something hits you but does no damage.
You see here a hobgoblin corpse.
Something hits you!
You die...

#.#######.###########.#
### #.# #.# ..# #.# #.#
.## ####.#### #.# .#
.....##.## #.# ...
####.#.#.###.# ...
##..###....# .. :
#.[..#.##.#######.#....
#.....###.....@†{......
#.<.#.# #########.#####
#####.# # #######.#
........# #######.#
##### ## #.# #....
.######.# .########.###
........######
##.##........<.


There were no monsters in sight!

Vanquished Creatures
  A worm (D:2)
  3 dart slugs (D:1)
  2 endoplasms
  2 giant cockroaches
  3 goblins (D:1)
  5 hobgoblins (D:2)
  6 jackals (D:1)
  A quokka (D:2)
  A ball python (D:2)
  6 bats
  4 frilled lizards
  5 kobolds
  2 rats
41 creatures vanquished.

Notes
Turn   | Place    | Note
-------+----------+-------------------------------------------
     0 | D:1      | MechDurjaeses the Draconian Transmuter began the quest for
                  | the Orb.
     0 | D:1      | Reached XP level 1. HP: 16/16 MP: 3/3
   418 | D:1      | Reached XP level 2. HP: 18/23 MP: 5/5
   426 | D:1      | Learned a level 2 spell: Wereblood
   542 | D:1      | Found a faded altar of an unknown god.
   777 | D:1      | Reached XP level 3. HP: 28/28 MP: 4/6
  1326 | D:2      | Reached skill level 4 in Unarmed Combat
  1652 | D:2      | Identified the +10 plate armour "Huizooc" {rPois rN+
                  | Will+++ Str-3}
  1678 | D:2      | Noticed Sigmund
  1694 | D:2      | Slain by Sigmund

Illustrated notes

Levels and vault maps discovered:
D:1:      minmay_arrival_four_circles, layout_basic,
          shapermc_ecumenical_altar_venn, hex_large, minmay_pentomino_u4
D:2:      layout_loops_ring, uniq_sigmund

Skill      XL: |  1  2  3 |
---------------+----------+-----
Dodging        | 2 |  2.0
Unarmed Combat | 4 |  4.1
Fighting       | |  1.3
Spellcasting   | |  2.2
Transmutations | |  2.3

Action                   || total
-------------------------++-------
Melee: Unarmed           ||   118
       Kick              ||     7
       Tailslap          ||    12
       Headbutt          ||     6
       Punch             ||     2
 Cast: Beastly Appendage ||     7
       Wereblood         ||     1
  Use: Potion            ||     2
       Scroll            ||     1
Armor: Skin              ||    59
Dodge: Dodged            ||    73

Table legend: (Time is in decaauts)
 A = Elapsed time spent in this place.
 B = Non-inter-level travel time spent in this place.
 C = Inter-level travel time spent in this place.
 D = Time resting spent in this place.
 E = Time spent auto-exploring this place.
 F = Levels seen in this place.
 G = Mean time per level.
                   A        B        C        D        E       F      G
               +--------+--------+--------+--------+--------+-----+--------+
         Total |   1686 |   1645 |     41 |    246 |   1125 |   2 |  843.0 |
       Dungeon |   1686 |   1645 |     41 |    246 |   1125 |   2 |  843.0 |
               +--------+--------+--------+--------+--------+-----+--------+

Top non-repeatable levels by time:
     D:1: 979 daAuts
     D:2: 706 daAuts
